 Dungeon Crawl Stone Soup version 0.21-a0-143-g1ab7d47 (webtiles) character file.

40511 namelastname112 the Tainter (level 13, 0/113 HPs)
             Began as a Green Draconian Venom Mage on July 26, 2017.
             Was a High Priest of Sif Muna.
             Slain by a five-headed hydra (12 damage)
             ... on level 2 of the Lair of Beasts.
             The game lasted 00:44:46 (22012 turns).

namelastname112 the Tainter (DrVM)                 Turns: 22012, Time: 00:44:47

Health: 0/113      AC: 14    Str: 10    XL:     13   Next: 75%
Magic:  0/27       EV: 16    Int: 25    God:    Sif Muna [*****.]
Gold:   2025       SH:  0    Dex: 11    Spells: 14/32 levels left

rFire    . . .     SeeInvis .   G - +1 dagger (chaos)
rCold    . . .     Gourm    +   (no shield)
rNeg     . . .     Faith    .   (armour unavailable)
rPois    +         Spirit   .   (helmet restricted)
rElec    .         Reflect  .   Q - +1 cloak
rCorr    .         Harm     .   B - +2 pair of gloves
MR       .....                  e - +0 pair of boots
Stlth    +++.......             X - amulet of the gourmand
HPRegen  0.28/turn              r - ring of stealth
MPRegen  0.20/turn              t - +3 ring of intelligence

@: flying, no casting
A: breathe noxious fumes, unfitting armour, big wings, beak, poison resistance,
cold-blooded, AC +8
a: Breathe Noxious Fumes, Stop Flying, Stop Divine Energy, Channel Magic, Forget
Spell, Renounce Religion


You were on level 2 of the Lair of Beasts.
You worshipped Sif Muna.
Sif Muna was extremely pleased with you.
You were not hungry.

You visited 5 branches of the dungeon, and saw 20 of its levels.
You also visited: Sewer and Ice Cave.

You collected 2025 gold pieces.

Inventory:

Hand Weapons
 G - a +1 dagger of chaos (weapon)
Missiles
 k - 3 throwing nets (quivered)
Armour
 e - a +0 pair of boots (worn)
 B - a +2 pair of gloves (worn)
 Q - a +1 cloak (worn)
Jewellery
 r - a ring of stealth (left hand)
 t - a +3 ring of intelligence (right hand)
 y - a +5 amulet of reflection
 X - an amulet of the gourmand (around neck)
Wands
 g - a wand of flame (15/48)
 j - a wand of enslavement (7/24)
 u - a wand of paralysis (12/24)
 v - a wand of scattershot (3/9)
 F - a wand of confusion (10/48)
 I - a wand of clouds (2/9)
 K - a wand of acid (1/15)
 M - a wand of flame (19/48)
 O - a wand of scattershot (2/9)
 R - a wand of iceblast (6/15)
 S - a wand of iceblast (8/15)
Scrolls
 f - 2 scrolls of enchant weapon
 h - 2 scrolls of enchant armour
 l - 4 scrolls of amnesia
 n - 13 scrolls of remove curse
 q - 4 scrolls of identify
 w - 4 scrolls of recharging
 D - 3 scrolls of blinking
 H - 2 scrolls of fear
 L - a scroll of fog
 V - 2 scrolls of teleportation
Potions
 a - 3 potions of berserk rage {unknown}
 c - 7 potions of curing
 i - 3 potions of lignification
 o - 3 potions of cancellation
 p - 4 potions of heal wounds
 x - 4 potions of magic
 z - 2 potions of haste
 A - a potion of might
 C - 2 potions of ambrosia
 J - 4 potions of mutation
 N - a potion of brilliance
 T - 2 potions of resistance {unknown}
 W - a potion of agility {unknown}
Books
 E - Sif Muna's Guide on Execration
   (Sif Muna gifted it to you on level 2 of the Orcish Mines)

   Spells                             Type                      Level
   a - Corona                         Hexes                        1
   b - Ensorcelled Hibernation        Hexes/Ice                    2
   c - Dazzling Spray                 Conjuration/Hexes            3
   d - Summon Mana Viper              Hexes/Summoning              5
Miscellaneous
 P - a fan of gales
Comestibles
 b - 9 bread rations
 d - 11 fruits
 m - 8 meat rations


   Skills:
 + Level 9.9 Fighting
 + Level 8.6 Dodging
 - Level 1.7 Stealth
 + Level 10.4 Spellcasting
 + Level 10.9 Conjurations
 + Level 13.2 Poison Magic
 + Level 8.7 Invocations


You had 14 spell levels left.
You knew the following spells:

 Your Spells              Type           Power        Failure   Level  Hunger
a - Olgreb's Toxic Radia  Pois           ######..     1%          4    None
c - Venom Bolt            Conj/Pois      ######....   1%          5    ####...
e - Apportation           Tloc           ##....       4%          1    None
s - Lightning Bolt        Conj/Air       #####.....   14%         5    ####...
x - Poisonous Vapours     Pois/Air       #####.       1%          2    None
z - Sting                 Conj/Pois      ####         1%          1    None


Dungeon Overview and Level Annotations

Branches:
Dungeon (12/15)            Temple (1/1) D:6            Lair (4/6) D:11
 Shoals (0/4) Lair:3        Snake (0/4) Lair:4          Orc (2/2) D:9
    Elf (1/3) Orc:2

Altars:
Ashenzari
Elyvilon
Fedhas
Hepliaklqana
Kikubaaqudgha
Makhleb
Nemelex Xobeh
Okawaru
Qazlal
Ru
Sif Muna
Trog
Uskayaw
Vehumet
Wu Jian
Xom
Zin
The Shining One

Shops:
D:8 =[*=   Orc:2 =(([


Innate Abilities, Weirdness & Mutations

You can breathe blasts of noxious fumes.
Your lurid green scales are hard. (AC +8)
You cannot fit into any form of body armour.
Your system is resistant to poisons. (rPois)
You are cold-blooded and may be slowed by cold attacks.
Your large and strong wings let you fly indefinitely.
You have a beak for a mouth.


Message History

You hear a mighty clap of thunder!
The bolt of lightning hits the five-headed hydra.
The five-headed hydra is severely wounded.
Sif Muna grants you divine energy.
You briefly lose access to your magic!
The five-headed hydra bites you but does no damage.
The five-headed hydra barely misses you.
The five-headed hydra bites you.
* * * LOW HITPOINT WARNING * * *
The five-headed hydra bites you.
* * * LOW HITPOINT WARNING * * *
The five-headed hydra barely misses you.
You take 7 damage, and have 19/113 hp.
You now have 0/27 mp.
As you read the scroll of fear, it crumbles to dust.
You assume a fearsome visage.
The five-headed hydra resists with almost no effort.
The five-headed hydra bites you!
* * * LOW HITPOINT WARNING * * *
The five-headed hydra bites you!
You die...

....+#...........................
...⌠.#...........................
#....##########..................
.......####..###.................
........##.....#.................
.........##...#..................
##....#...#......................
##.⌠.###...#.....................
#....####..#.>..@................
......##....#.##D................
...>....#⌠.<#..#.................
#......P#...#..†.................
#....####.D.##.#.................
#..⌠.###...#.h##.................
##...##...#......................
..........#.....................#
........#.................#.#.###


You could see a five-headed hydra.

Vanquished Creatures
  An orc warlord (Orc:1)
  Erolcha (Orc:1)
  2 hydras (Lair:1)
  Erica (Orc:1)
  4 ogre magi (Orc:2)
  14 two-headed ogres
  Nergalle (Lair:3)
  An ugly thing (D:11)
  A harpy (Lair:2)
  2 orc sorcerers
  A faun (shapeshifter) (D:9)
  A deep elf mage (D:11)
  An elephant (D:11)
  A merfolk siren (Lair:3)
  Maurice (D:10)
  Psyche (D:8)
  2 spiny frogs (Lair:2)
  2 komodo dragons (Lair:2)
  A kobold demonologist (D:11)
  4 merfolk
  A hornet (D:9)
  2 trolls (Orc:2)
  Grinder (D:6)
  Prince Ribbit (Lair:3)
  4 hippogriffs
  6 blink frogs
  5 dream sheep (Lair:3)
  Sigmund (D:6)
  10 yaks
  3 wyverns
  A fire bat (Lair:2)
  Eustachio (D:6)
  7 wargs
  A soldier ant (D:11)
  An acid dragon (shapeshifter) (Orc:1)
  3 water moccasins (Lair:3)
  7 porcupines
  An ice beast (D:8)
  A sky beast (D:8)
  3 black bears
  12 orc warriors
  13 wolves (Lair:2)
  5 centaurs
  31 ogres
  2 phantoms
  9 crocodiles
  8 bullfrogs
  4 big kobolds
  3 scorpions
  6 killer bees (D:9)
  6 wights
  2 howler monkeys (D:8)
  5 crimson imps
  3 bullfrog zombies
  2 quasits
  3 jellies
  9 orc priests
  A bullfrog skeleton (D:7)
  4 centaur zombies
  5 hounds
  3 centaur skeletons
  A gnoll shaman (D:6)
  An iguana (D:9)
  17 orc wizards
  10 worker ants
  A killer bee zombie (D:10)
  A hound zombie (D:8)
  A hound skeleton (D:8)
  2 worker ant zombies
  14 gnolls
  16 adders
  A river rat (Sewer)
  7 shadow imps
  3 oozes
  An adder zombie (D:5)
  3 worms
  3 dart slugs
  9 leopard geckos
  63 orcs
  5 bats
  6 giant cockroaches
  10 goblins
  9 hobgoblins
  21 jackals
  28 kobolds
  4 quokkas
  6 ball pythons
  3 frilled lizards
  11 rats
496 creatures vanquished.

Vanquished Creatures (collateral kills)
  2 orcs (Orc:1)
2 creatures vanquished.

Vanquished Creatures (others)
  A wight (D:8)
  An orc (Orc:1)
  5 fungi
  A plant (Lair:2)
8 creatures vanquished.

Grand Total: 506 creatures vanquished

Notes
Turn   | Place    | Note
-------+----------+-------------------------------------------
     0 | D:1      | namelastname112 the Draconian Venom Mage began the quest for the Orb.
     0 | D:1      | Reached XP level 1. HP: 14/14 MP: 3/3
   368 | D:1      | Reached XP level 2. HP: 18/20 MP: 0/5
   393 | D:1      | Learned a level 2 spell: Poisonous Vapours
   690 | D:2      | Reached XP level 3. HP: 26/26 MP: 1/7
  1123 | D:2      | Reached XP level 4. HP: 33/33 MP: 1/8
  1181 | D:2      | Reached skill level 4 in Poison Magic
  1758 | D:3      | Reached XP level 5. HP: 33/38 MP: 2/9
  2227 | D:4      | Found a glowing drain.
  2231 | Sewer    | Entered a sewer
  2557 | Sewer    | Reached XP level 6. HP: 33/45 MP: 4/11
  2563 | Sewer    | Reached skill level 5 in Poison Magic
  3268 | D:4      | Your scales start taking on a lurid green colour.
  3268 | D:4      | Reached skill level 6 in Poison Magic
  3268 | D:4      | Reached XP level 7. HP: 50/50 MP: 6/13
  3268 | D:4      | Gained mutation: Your system is resistant to poisons. (rPois) [Green Draconian growth]
  3870 | D:4      | Learned a level 4 spell: Olgreb's Toxic Radiance
  3871 | D:5      | Entered Level 5 of the Dungeon
  4225 | D:5      | Reached skill level 7 in Poison Magic
  4344 | D:5      | Reached skill level 5 in Spellcasting
  4539 | D:5      | Gained mutation: You expend magic power (3 MP) to strengthen your wands. [potion of mutation]
  4539 | D:5      | Gained mutation: You are resistant to hostile enchantments. (MR+) [potion of mutation]
  4597 | D:6      | Noticed Grinder
  4635 | D:6      | Reached skill level 5 in Conjurations
  4677 | D:6      | Reached XP level 8. HP: 31/57 MP: 3/15
  4863 | D:6      | Noticed Sigmund
  4875 | D:6      | Killed Sigmund
  4962 | D:6      | Noticed Eustachio
  4969 | D:6      | Killed Eustachio
  4969 | D:6      | Reached skill level 8 in Poison Magic
  5193 | D:6      | Lost mutation: You expend magic power (3 MP) to strengthen your wands. [potion of mutation]
  5193 | D:6      | Lost mutation: You are resistant to hostile enchantments. (MR+) [potion of mutation]
  5193 | D:6      | Gained mutation: You have a beak for a mouth. [potion of mutation]
  5193 | D:6      | Gained mutation: Your large and strong wings let you fly indefinitely. [potion of mutation]
  5782 | D:6      | Paralysed by Grinder for 7 turns
  5796 | D:6      | Killed Grinder
  5796 | D:6      | Reached skill level 1 in Fighting
  5827 | D:6      | Found a staircase to the Ecumenical Temple.
  5969 | Temple   | Entered the Ecumenical Temple
  6007 | Temple   | Became a worshipper of Sif Muna the Loreminder
  6025 | D:6      | Learned a level 5 spell: Venom Bolt
  6303 | D:7      | Reached XP level 9. HP: 46/64 MP: 15/18
  6308 | D:7      | Reached skill level 9 in Poison Magic
  6765 | D:7      | Identified a scroll of acquirement
  6766 | D:7      | Identified the Volume of the Boosting Birds (You acquired it on level 7 of the Dungeon)
  7003 | D:8      | Noticed a two-headed ogre
  7021 | D:8      | Killed a two-headed ogre
  7021 | D:8      | Reached * piety under Sif Muna
  7847 | D:8      | Noticed Psyche
  7860 | D:8      | Killed Psyche
  7981 | D:8      | Found Jowaelas's General Store.
  8003 | D:8      | Found Qumilyim's Jewellery Boutique.
  8056 | D:8      | Found a sacrificial altar of Ru.
  8094 | D:8      | Reached XP level 10. HP: 78/78 MP: 17/20
  8262 | D:8      | Found Koukhladu's Jewellery Shop.
  8272 | D:8      | Reached skill level 10 in Poison Magic
  8362 | D:8      | Found Janib's Armour Shop.
  8522 | D:9      | Reached skill level 1 in Invocations
  8655 | D:9      | Reached ** piety under Sif Muna
  9077 | D:9      | Found a staircase to the Orcish Mines.
  9246 | D:9      | Noticed a fire crab
  9246 | D:9      | a queen bee changed into a fire crab
  9747 | D:10     | Entered Level 10 of the Dungeon
 10075 | D:10     | Reached skill level 5 in Fighting
 10186 | D:10     | Reached skill level 5 in Dodging
 10370 | D:10     | Noticed Maurice
 10393 | D:10     | Killed Maurice
 10841 | D:11     | Found a frozen archway.
 10853 | IceCv    | Entered an ice cave
 10902 | D:11     | Noticed a deep elf mage
 10915 | D:11     | Killed a deep elf mage
 11178 | D:11     | Noticed an elephant
 11226 | D:11     | Killed an elephant
 11378 | D:11     | Noticed a soul eater
 11383 | D:11     | Reached XP level 11. HP: 42/89 MP: 14/23
 11385 | D:11     | Found a staircase to the Lair.
 11558 | D:11     | Noticed a purple ugly thing
 11570 | D:11     | Killed a purple ugly thing
 12153 | D:11     | Reached *** piety under Sif Muna
 12419 | D:11     | Reached skill level 11 in Poison Magic
 12608 | D:12     | Noticed a skeletal warrior
 12608 | D:12     | Noticed a two-headed ogre
 12644 | Lair:1   | Entered Level 1 of the Lair of Beasts
 12903 | Lair:1   | Noticed a seven-headed hydra
 12953 | Lair:1   | Learned a level 1 spell: Apportation
 13244 | Lair:1   | Noticed a five-headed hydra
 13735 | Lair:2   | You are sucked into a shaft for 2 floors!
 13735 | Lair:4   | Found a staircase to the Snake Pit.
 13995 | Lair:4   | Reached skill level 5 in Invocations
 14805 | Orc:1    | Entered Level 1 of the Orcish Mines
 14965 | Orc:1    | Reached **** piety under Sif Muna
 14984 | Orc:1    | Noticed an orc sorcerer
 14988 | Orc:1    | Killed an orc sorcerer
 15183 | Orc:1    | Noticed Erolcha
 15199 | Orc:1    | Killed Erolcha
 15202 | Orc:2    | Entered Level 2 of the Orcish Mines
 15202 | Orc:2    | Noticed an orc sorcerer
 15492 | Orc:1    | Noticed Erica
 15551 | Orc:1    | Killed Erica
 15551 | Orc:1    | Reached XP level 12. HP: 81/100 MP: 5/25
 16019 | Orc:2    | Found a staircase to the Elven Halls.
 16027 | Orc:2    | Noticed an orc warlord
 16086 | Orc:1    | Killed an orc warlord
 16086 | Orc:1    | Reached skill level 12 in Poison Magic
 16360 | Orc:2    | Noticed a two-headed ogre
 16360 | Orc:2    | Noticed a two-headed ogre
 16361 | Orc:2    | Noticed a two-headed ogre
 16364 | Orc:2    | Noticed a two-headed ogre
 16364 | Orc:2    | Noticed a two-headed ogre
 16381 | Orc:2    | Killed a two-headed ogre
 16381 | Orc:2    | Killed a two-headed ogre
 16387 | Orc:2    | Killed a two-headed ogre
 16390 | Orc:2    | Killed a two-headed ogre
 16403 | Orc:2    | Noticed an ogre mage
 16525 | Orc:2    | Killed an ogre mage
 16541 | Orc:2    | Noticed a two-headed ogre
 16554 | Orc:2    | Killed a two-headed ogre
 16814 | Orc:2    | Noticed a two-headed ogre
 16843 | Orc:2    | Killed a two-headed ogre
 16843 | Orc:2    | Reached ***** piety under Sif Muna
 16843 | Orc:2    | Identified Sif Muna's Guide on Execration (Sif Muna gifted it to you on level 2 of the Orcish Mines)
 16843 | Orc:2    | Received a gift from Sif Muna
 17150 | Orc:2    | Noticed an ogre mage
 17153 | Orc:2    | Killed an ogre mage
 17153 | Orc:2    | Reached skill level 10 in Conjurations
 17158 | Orc:2    | Noticed an ogre mage
 17172 | Orc:2    | Killed an ogre mage
 17222 | Orc:2    | Noticed an ogre mage
 17260 | Orc:2    | Killed an ogre mage
 17505 | Orc:2    | Found Zegirag's Antique Weapon Shoppe.
 17505 | Orc:2    | Found Bomym's Antique Armour Boutique.
 17506 | Orc:2    | Found Huthrieg's Jewellery Shop.
 17506 | Orc:2    | Found Sixesk's Antique Weapon Shoppe.
 17509 | Orc:2    | Noticed a two-headed ogre
 17509 | Orc:2    | Noticed a two-headed ogre
 17509 | Orc:2    | Noticed a two-headed ogre
 17509 | Orc:2    | Noticed a two-headed ogre
 17512 | Orc:2    | Noticed a two-headed ogre
 17512 | Orc:2    | Noticed a two-headed ogre
 17520 | Orc:2    | Killed a two-headed ogre
 17529 | Orc:2    | Killed a two-headed ogre
 17529 | Orc:2    | Reached XP level 13. HP: 104/108 MP: 4/26
 17970 | Orc:2    | Reached skill level 10 in Spellcasting
 18732 | Elf:1    | Entered Level 1 of the Elven Halls
 18961 | Lair:1   | Learned a level 5 spell: Lightning Bolt
 19016 | Lair:1   | Reached skill level 13 in Poison Magic
 21159 | Lair:3   | Found a staircase to the Shoals.
 21524 | Lair:3   | Noticed Nergalle
 21527 | Lair:3   | Killed Nergalle
 21574 | Lair:3   | Noticed Prince Ribbit
 21584 | Lair:3   | Killed Prince Ribbit
 22012 | Lair:2   | Slain by a five-headed hydra

Vault maps used:
D:1:      nagdon_arrival_double_spiral, palyth_stone_intersect
D:2:      first_bread
D:4:      cheibrodos_greedy_goblins, gup_sewer_entry_bowl,
          lexackson_kobold_supper
D:6:      minmay_temple_entry_poolview, minmay_misc_feat_doors, uniq_sigmund,
          uniq_grinder, uniq_eustachio
D:8:      kennysheep_mini_moat, serial_shops, shop, shop,
          nicolae_shop_waterfront, kennysheep_mini, uniq_psyche
D:9:      orc_0_dummy
D:10:     uniq_maurice
D:11:     david_lair_generic, portal_ice_cave_entry_pillars_1,
          hangedman_stone_soup
D:12:     minmay_rotating_lava, uniq_sonja
Temple:   compressed_dpeg_triangle_lava_temple
Lair:2:   beast_lair_carwin_large_3, grunt_megastairs_5
Lair:3:   elwin_shoals_entry_stream, uniq_rupert, uniq_prince_ribbit2,
          uniq_nergalle
Lair:4:   minmay_snake_entry_spellcaster, infiniplex_staircase_pool,
          serial_bayou_shore_b, grunt_megastairs_2
Orc:1:    minmay_goldmine, uniq_erica, uniq_erolcha
Orc:2:    st_orc_ogre_mass, nicolae_orc_flooded_monolith,
          nicolae_orc_sculptors_studio, nooodl_orcs_dogs
Elf:1:    minmay_elf_arrival_summoners, minmay_elf_necromancy
Sewer:    sewer_co_15_rooms
IceCv:    ice_cave_tombish

Skill      XL: |  1  2  3  4  5  6  7  8  9 10 11 12 13 |
---------------+----------------------------------------+-----
Conjurations   | 2 3 4 5 6 7 8 9 10 | 10.9
Spellcasting   | 3 4 5 6 7 8 9 10 | 10.4
Poison Magic   | 4 6 7 8 9 10 11 12 13 | 13.2
Fighting       | 1 4 5 7 8 9 |  9.9
Dodging        | 2 4 5 6 7 8 |  8.6
Invocations    | 3 6 7 8 |  8.7
Stealth        | |  1.7

Action                   |  1- 3 |  4- 6 |  7- 9 | 10-12 | 13-15 || total
-------------------------+-------+-------+-------+-------+-------++-------
Melee: Hand axe          |    40 |    74 |   258 |       |       ||   372
       Tailslap          |     1 |     3 |    29 |    60 |    16 ||   109
       Peck              |       |       |    24 |   107 |    32 ||   163
       Dagger            |       |       |    21 |   656 |   205 ||   882
Throw: Throwing net      |       |       |       |     1 |       ||     1
 Cast: Sting             |    58 |    84 |   152 |    30 |     1 ||   325
       Poisonous Vapours |     1 |    14 |    46 |   166 |    37 ||   264
       Olgreb's Toxic Ra |       |       |       |    34 |    20 ||    54
       Venom Bolt        |       |       |       |    55 |    56 ||   111
       Apportation       |       |       |       |     3 |       ||     3
       Lightning Bolt    |       |       |       |       |    18 ||    18
Invok: Divine Energy     |       |       |       |     2 |     1 ||     3
       Stop Divine Energ |       |       |       |     2 |       ||     2
 Abil: Breathe Noxious F |       |       |     5 |    19 |     4 ||    28
       Fly               |       |       |     1 |       |       ||     1
Evoke: Wand              |       |       |     7 |     5 |       ||    12
  Use: Scroll            |       |     3 |    15 |    10 |     2 ||    30
       Potion            |       |     1 |     2 |     1 |     1 ||     5
 Stab: Sleeping          |       |     1 |     6 |     8 |     1 ||    16
       Paralysed         |       |       |     6 |    12 |       ||    18
       Confused          |       |       |     1 |     5 |       ||     6
       Petrified         |       |       |       |    15 |     5 ||    20
       Distracted        |       |       |       |     1 |     2 ||     3
       Petrifying        |       |       |       |     1 |       ||     1
  Eat: Chunk             |     1 |     5 |    14 |    33 |    14 ||    67
       Royal jelly       |       |     1 |     2 |     3 |       ||     6
       Fruit             |       |       |       |     2 |       ||     2
       Meat ration       |       |       |       |     1 |     3 ||     4
Armor: Skin              |    25 |    40 |   130 |   283 |    95 ||   573
Dodge: Dodged            |    31 |    59 |   190 |   475 |   214 ||   969
Block: Other             |       |       |    36 |   155 |    59 ||   250
       Reflection        |       |       |     2 |     3 |     2 ||     7
